Cogmind - Beta 17 @@@ ROGUE MODE // 2026.07.08 @ 08:30:23 Player: shapeshifter Result: Escaped! Performance ------------- Evolutions (9) 4500 Regions Visited (23) 4600 Robots Destroyed (181) 905 Value Destroyed (12632) 12632 Prototype IDs (54) 1080 Alien Tech Used (3) 600 Bonus (34685) 34685 TOTAL SCORE: 59002 Bonus ------- High Alert Combat Kills 1283 Follower Combat Kills 6002 Prayed to X0-1V1 5000 Major X0-1V1 Interference 14200 Entered Garrisons 1400 Used RIF Installer 3500 Aligned with FarCom 300 Win 3000 Cogmind --------- Core Integrity 317/1700 Matter 295/300 Energy 14/600 System Corruption 24% Temperature Cool (0) Movement Core (750) Ox14 Location To Epsilon Eridani Parts ------- > --- POWER (3) -------- (None) > --- PROPULSION (6) --- (None) > --- UTILITY (14) ----- High-capacity Storage Unit Advanced Energy Well Experimental Optical Array Advanced Weapon Cycler Graphene Brace Improved Hacking Suite Relay Coupler [NC] (43) Relay Coupler [NC] (26) Relay Coupler [Hunter] (1) > --- WEAPON (3) ------- (None) > --- INVENTORY (20) --- Phase Armor Relay Coupler [Behemoth] (16) Relay Coupler [Proto] (16) Relay Coupler [Proto] (16) Relay Coupler [Proto] (16) Relay Coupler [Proto] (16) Dimensional Node Initializer High-powered Transdimensional Reconstructor Latent Energy Streamer Advanced Remote Datajack CPS Tube (2) Sigix Broadsword Peak State ------------ > --- POWER ------------ Compact Particle Reactor Quantum Reactor Reinforced Quantum Reactor > --- PROPULSION ------- Myomer Leg Biometal Leg Biometal Leg Centrium Leg Centrium Leg Centrium Leg > --- UTILITY ---------- Advanced Cooling System Advanced Cooling System High-capacity Storage Unit Experimental Optical Array Advanced Weapon Cycler Advanced Phase Shifter Graphene Brace Improved Hacking Suite Relay Coupler [NC] Relay Coupler [Swarmer] Relay Coupler [Grunt] Relay Coupler [Sentry] Relay Coupler [Specialist] Relay Coupler [Hunter] > --- WEAPON ----------- Nova Cannon Nova Cannon Nova Cannon > --- INVENTORY -------- Myomer Leg Advanced Energy Well Phase Armor Relay Coupler [NC] Relay Coupler [Behemoth] Relay Coupler [Proto] Relay Coupler [Proto] Relay Coupler [Proto] Relay Coupler [Proto] Dimensional Node Initializer High-powered Transdimensional Reconstructor Subatomic Replicator Latent Energy Streamer Sigix Terminator CPS Tube Sigix Broadsword [Rating: 191] Favorites ----------- Power Light Ion Engine Engine Light Ion Engine Power Core Light Nuclear Core Reactor Quantum Reactor Propulsion Centrium Leg Treads Light Treads Leg Centrium Leg Wheel Compact Wheel Hover Unit Antigrav System Flight Unit Field Propulsion Drive Utility X0-1V1's Piety Tracker Device X0-1V1's Piety Tracker Storage High-capacity Storage Unit Processor Advanced Targeting Computer Hackware Relay Coupler [Sentry] Protection Hardened Light Armor Plating Weapon Remote Datajack Energy Gun Medium Laser Energy Cannon Enhanced Nova Cannon Ballistic Gun Light Assault Rifle Ballistic Cannon Assault Cannon Launcher Supercharged Sigix Terminator Special Weapon Remote Datajack Impact Weapon Makeshift Hammer Slashing Weapon Power Sword Special Melee Weapon Datajack Build | -11 -10 -10 -10 -9 -8 -8 -8 -8 -8 -8 -6 -6 -5 -5 -4 -4 -4 -4 -3 -3 -2 -2 -1 ------- Run | Yrd Mat Min Exi Min Mat Gar Sto Gar Rec Scr Fac Gar Fac Gar Fac Gar Fac Gar Res Qua Res Gar Acc Slots Evolved 18 | . . . . . 4 . . . . . 4 . 2 . 2 . . . 2 . 2 . 2 Power 1 | . . . . . . . . . . . . . . . . . . . . . 1 . . Propulsion 5 | . . . . . . . . . . . 1 . 1 . 1 . . . 1 . 1 . . Utility 11 | . . . . . 4 . . . . . 3 . 1 . 1 . . . 1 . . . 1 Weapon 1 | . . . . . . . . . . . . . . . . . . . . . . . 1 Parts Attached 261 | 7 3 7 3 5 11 15 9 15 15 6 . 28 8 2 11 33 3 14 7 11 5 32 11 Power 30 | 1 . 1 . . . 2 . 2 2 . . 5 . . 2 7 . 2 1 1 2 2 . Engine 7 | 1 . . . . . 1 . 2 1 . . 1 . . 1 . . . . . . . . Core 7 | . . 1 . . . 1 . . 1 . . 2 . . 1 1 . . . . . . . Reactor 16 | . . . . . . . . . . . . 2 . . . 6 . 2 1 1 2 2 . Propulsion 66 | 2 . 4 . 3 8 1 2 6 3 2 . 4 4 . 4 9 . 2 2 1 1 5 3 Treads 5 | 2 . 1 . . . . . . . . . . . . 1 1 . . . . . . . Leg 44 | . . 3 . 3 4 1 2 6 . . . 4 . . . 7 . 2 2 1 1 5 3 Wheel 5 | . . . . . . . . . 3 2 . . . . . . . . . . . . . Hover 10 | . . . . . 3 . . . . . . . 3 . 3 1 . . . . . . . Flight 2 | . . . . . 1 . . . . . . . 1 . . . . . . . . . . Utility 121 | 2 2 . 1 . 2 9 5 5 6 2 . 15 4 2 4 13 3 10 3 6 1 23 3 Device 43 | 1 1 . . . 1 5 3 1 . 1 . 3 3 . 2 6 2 3 1 1 . 9 . Storage 11 | 1 1 . 1 . . 1 . . 1 1 . 1 . . . 2 . . . . 1 . 1 Processor 7 | . . . . . 1 1 2 1 . . . . . 1 1 . . . . . . . . Hackware 49 | . . . . . . . . 3 3 . . 11 . 1 . 5 . 7 1 3 . 13 2 Protection 11 | . . . . . . 2 . . 2 . . . 1 . 1 . 1 . 1 2 . 1 . Artifact . | . . . . . . . . . . . . . . . . . . . . . . . . Weapon 44 | 2 1 2 2 2 1 3 2 2 4 2 . 4 . . 1 4 . . 1 3 1 2 5 Energy Gun 6 | . 1 . . . 1 . 1 . 1 . . 1 . . . 1 . . . . . . . Energy Cannon 13 | . . . . . . 3 . . . . . 1 . . 1 2 . . . . 1 2 3 Ballistic Gun 8 | 2 . 2 1 . . . . . . 1 . 2 . . . . . . . . . . . Ballistic Cannon 2 | . . . . . . . . 1 1 . . . . . . . . . . . . . . Launcher 1 | . . . . . . . . . . . . . . . . . . . . . . . 1 Special Weapon 8 | . . . . . . . 1 1 1 . . . . . . 1 . . 1 2 . . 1 Impact Weapon 1 | . . . . 1 . . . . . . . . . . . . . . . . . . . Slashing Weapon 4 | . . . . 1 . . . . 1 1 . . . . . . . . . 1 . . . Piercing Weapon . | . . . . . . . . . . . . . . . . . . . . . . . . Special Melee Weapon 1 | . . . 1 . . . . . . . . . . . . . . . . . . . . Unidentified Prototypes 10 | . 1 . . . 1 . 1 . . . . . . . . . 1 . 1 3 . . 2 Corrupted Parts 3 | . . . . . . . 2 . . . . . . . 1 . . . . . . . . System Corruption 6 | . . . . . . . 3 . . . . . . . 3 . . . . . . . . Parts Lost 96 | . . 5 . . 8 2 2 7 1 . 2 16 2 10 . 7 . 1 1 3 . 8 21 Power 16 | . . 1 . . 1 . . 1 . . . 3 1 1 . 3 . . . . . 2 3 Propulsion 29 | . . 2 . . 4 1 1 3 1 . 1 3 . 4 . 1 . . . . . 1 7 Utility 39 | . . . . . 1 1 1 1 . . 1 9 1 4 . 3 . 1 1 3 . 5 7 Weapon 12 | . . 2 . . 2 . . 2 . . . 1 . 1 . . . . . . . . 4 Highest Loss Streak 21 | . . 4 . . 7 2 1 2 1 . 2 5 2 10 . 4 . 1 1 1 . 3 21 To Critical Strikes 1 | . . . . . . . . . . . . 1 . . . . . . . . . . . Average Backups 14 | 2 4 8 10 10 6 2 8 15 18 22 21 15 4 4 4 7 18 19 19 18 16 16 15 Power . | . 1 1 1 1 . . . . . . . . . . . . . 1 1 1 1 . . Propulsion . | . . . . . 1 . . . . 1 . . . . . . . . . 2 1 . . Utility 9 | . 1 2 3 4 2 1 5 11 15 15 14 9 . . . 3 12 12 11 7 4 7 7 Weapon 2 | . 1 3 5 3 1 1 1 1 1 2 1 1 2 1 1 1 2 1 2 2 4 4 3 Tool/Special . | . . . . . . . . . . . . . . . . . . . . . . . . Unused Backups 49 | . . . . 1 3 . . 2 2 2 . 9 . . 2 . 1 4 3 2 1 6 11 Power 1 | . . . . . 1 . . . . . . . . . . . . . . . . . . Propulsion 3 | . . . . . . . . 1 . 1 . . . . . . . . . 1 . . . Utility 26 | . . . . . 1 . . 1 1 1 . 6 . . 2 . 1 4 . 1 1 1 6 Weapon 9 | . . . . 1 1 . . . 1 . . . . . . . . . 1 . . 4 1 Tool/Special 10 | . . . . . . . . . . . . 3 . . . . . . 2 . . 1 4 Average Slot Usage (%) 93 | . 100 96 90 99 48 84 98 94 98 85 77 61 91 78 56 95 100 99 99 98 92 97 93 Engine 4 | . 12 7 . . . 4 8 7 7 8 6 1 . . 2 . . . . . . . . Core 1 | . . 4 12 12 3 2 . . 1 . . 3 . . . 1 5 1 . . . . . Reactor 2 | . . . . . . . . . . . . . 9 4 . 7 5 8 9 9 10 11 9 Leg 12 | . . 12 37 37 11 15 15 15 2 . . 3 13 . . 19 25 25 27 24 21 25 21 Wheel 4 | . . . . . . . . . 10 14 11 3 . . . . . . . . . . . Device 17 | . 12 12 12 12 3 27 40 19 13 8 15 7 10 11 15 26 18 20 21 22 19 20 17 Storage 6 | . 12 12 12 12 3 . 8 8 8 8 6 3 . . . 2 5 5 4 4 4 4 3 Processor 5 | . . . . . 5 11 3 21 3 . . . 5 6 10 9 5 5 4 4 6 4 3 Hackware 13 | . . . . . . . . 4 15 16 12 28 32 26 15 12 23 19 18 13 12 19 24 Protection 5 | . . . . . . 5 4 . 9 15 11 1 4 3 . 1 2 5 4 9 8 3 . Energy Gun 1 | . 8 6 3 11 3 1 . 1 . . . . . . . 2 . . . . . . . Energy Cannon 2 | . . . . . . 9 15 2 . . . . . . 3 4 5 4 4 3 5 5 7 Ballistic Gun 1 | . 25 21 3 11 . . . . . 3 . . 3 5 . . . . . . . . . Ballistic Cannon 3 | . . . . . . . . 5 9 . . . . . . . . . . . . . . Special Weapon 4 | . . . . . . . . 5 7 8 6 2 3 4 . 3 5 4 4 3 2 2 2 Slashing Weapon 1 | . . . . . 5 1 . . 4 1 6 2 . . . . . . . . . . . Peak Build Rating 191 | 7 20 23 28 33 39 58 58 56 57 54 59 74 98 92 96 144 132 137 154 170 181 186 191 Average Rating 75 | 4 16 21 23 28 32 45 51 50 48 43 57 44 88 82 66 131 127 132 150 158 169 179 175 On Entrance 75 | . 7 20 22 28 33 39 42 55 55 39 54 56 74 87 42 96 125 132 133 154 152 180 178 Avg Prop Armor Cover (%) 6 | . . . . . . . . . . . . . 3 11 14 2 . . . . . . . Naked Turns . | . . . . . . . . . . . . . . . . . . . . . . . . Heaviest Build 147 | 14 21 21 29 32 32 82 88 77 109 100 102 101 43 30 28 101 115 117 120 133 131 131 147 Greatest Support 171 | 40 40 60 30 30 30 30 30 35 35 32 44 45 45 31 34 135 135 135 166 166 154 168 171 Greatest Overweight (x) 29 | . . 1 . 1 4 2 5 5 6 3 3 29 1 . 3 1 . . . 1 . . 14 Average Overweight (x) . | . . . . . . . 2 2 3 2 2 1 . . . . . . . . . . . Largest Inventory Capacity 25 | 8 10 10 15 15 15 20 20 20 25 25 25 25 5 5 5 20 20 20 20 20 20 20 20 Average Capacity 18 | 7 8 10 13 15 9 6 20 20 24 25 25 17 5 5 5 13 20 20 20 20 20 20 20 Most Carried 25 | 5 7 10 15 15 15 7 15 20 24 25 24 25 5 5 5 16 20 20 20 20 20 20 20 Average Carried 16 | 2 5 8 11 14 8 4 10 16 20 23 21 15 4 4 4 7 18 19 19 19 19 19 18 Final Capacity 25 | 8 10 10 15 15 5 20 20 20 25 25 25 5 5 5 5 20 20 20 20 20 20 20 20 Final Carried 25 | 3 7 10 14 15 5 7 12 20 21 25 22 5 5 4 4 14 20 20 19 20 20 20 19 Class Distribution -------------------- 40% | Bothacker-Mutant 17% | Botlord-Mutant 16% | Scavenger-Mutant 5% | Bothacker-Tank 4% | Mutant 4% | Bothacker-Gunner Dominant Class ---------------- Gunner | -10/Materials Scavenger-Mutant | -10/Mines Scavenger-Mutant | -10/Exiles Scavenger-Mutant | -9/Mines Gladiator | -8/Materials Scavenger-Mutant | -8/Garrison Scavenger-Mutant | -8/Storage Bothacker-Mutant | -8/Garrison Bothacker-Mutant | -8/Recycling Bothacker-Mutant | -8/Scraptown Bothacker-Mutant | -6/Factory Bothacker-Mutant | -6/Garrison Bothacker-Mutant | -5/Factory Bothacker-Mutant | -5/Garrison Scavenger-Mutant | -4/Factory Botlord-Mutant | -4/Garrison Botlord-Mutant | -4/Factory Botlord-Mutant | -4/Garrison Commander-Mutant | -3/Research Botlord-Mutant | -3/Quarantine Mutant | -2/Research Botlord-Mutant | -2/Garrison Botlord-Tank | -1/Access Resources | -11 -10 -10 -10 -9 -8 -8 -8 -8 -8 -8 -6 -6 -5 -5 -4 -4 -4 -4 -3 -3 -2 -2 -1 ----------- Run | Yrd Mat Min Exi Min Mat Gar Sto Gar Rec Scr Fac Gar Fac Gar Fac Gar Fac Gar Res Qua Res Gar Acc Matter Collected 9005 | 298 54 170 . 207 682 424 169 393 944 212 148 503 154 656 233 667 125 899 242 590 . 794 441 Remotely . | . . . . . . . . . . . . . . . . . . . . . . . . Salvage Created 7598 | 118 104 328 . 144 836 507 248 662 585 . 50 296 308 . 30 1353 67 490 147 170 135 645 375 Parts 324 | 10 10 16 . 7 21 26 11 37 24 . 2 8 11 . 2 34 2 30 14 4 12 27 16 Haulers Intercepted 5 | . 1 . . . 1 . . . . . . . . . . . . . . . . . 3 Recyclers Shooed 6 | . . . . . 2 . . . 3 . . . . . . . . . . . . . 1 Parts Field Recycled . | . . . . . . . . . . . . . . . . . . . . . . . . Retrieved Matter . | . . . . . . . . . . . . . . . . . . . . . . . . Parts Self-Destructed . | . . . . . . . . . . . . . . . . . . . . . . . . Prevented . | . . . . . . . . . . . . . . . . . . . . . . . . Parts Restored . | . . . . . . . . . . . . . . . . . . . . . . . . Kills | -11 -10 -10 -10 -9 -8 -8 -8 -8 -8 -8 -6 -6 -5 -5 -4 -4 -4 -4 -3 -3 -2 -2 -1 ------- Run | Yrd Mat Min Exi Min Mat Gar Sto Gar Rec Scr Fac Gar Fac Gar Fac Gar Fac Gar Res Qua Res Gar Acc Combat Hostiles Destroyed 135 | . 3 12 . 3 17 12 5 17 3 . 2 5 5 . . 15 1 8 2 3 4 8 10 Melee 7 | . . . . 1 . 1 . . . . 2 2 . . . . . . . 1 . . . Guns 40 | . 3 12 . 2 17 3 . . . . . 1 2 . . . . . . . . . . Cannons 61 | . . . . . . 7 5 16 2 . . 1 . . . 8 . 7 2 1 4 7 1 AOE 16 | . . . . . . . . 1 . . . 1 3 . . 1 1 . . 1 . . 8 Classes Destroyed 19 | 2 3 2 . 1 2 . . 1 1 . . . 1 . . 2 1 . . 1 . . 2 Worker 12 | . . . . . . . . . . . . . 1 . 1 . . . . . . . 10 Builder 8 | . . . . 1 . . . . . . . . . . . . . . . . . . 7 Tunneler 6 | 3 . . . . . . . . . . . . . . . . . . 1 . . . 2 Hauler 5 | . 1 . . . 1 . . . . . . . . . . . . . . . . . 3 Recycler 13 | 1 . . . . 1 . . . 7 . . . . . . . . . . . . . 4 Operator 1 | . 1 . . . . . . . . . . . . . . . . . . . . . . Drone 1 | . . . . . . . . . 1 . . . . . . . . . . . . . . Watcher 2 | . . . . . . . . . . . . . . . . . . . . . . . 2 Swarmer 24 | . 3 3 . . 3 3 . 2 . . 2 2 . . . 1 . 1 . . 4 . . Cutter 2 | . . . . . . . . . . . . . . . . 2 . . . . . . . Grunt 52 | . . 6 . 3 9 5 3 11 . . . 3 3 . . 5 . . . 1 . . 3 Sentry 17 | . . . . . 1 2 2 2 3 . . . . . . 5 . 2 . . . . . Specialist 2 | . . . . . . . . . . . . . . . . . 1 . . . . . 1 Hunter 12 | . . . . . 4 2 . . . . . . . . . . . 1 . 1 . 2 2 Programmer 16 | . . . . . . . . 2 . . . . 2 . . 1 . 3 2 . . 4 2 Heavy 2 | . . . . . . . . . . . . . . . . . . . . . . . 2 Behemoth 6 | . . . . . . . . . . . . . . . . 1 . 1 . . . 2 2 Alpha 7 1 | . . . . . . . . . . . . . . . . . . . . 1 . . . Assembled 3 | . . 3 . . . . . . . . . . . . . . . . . . . . . Best Kill Streak 35 | 3 4 5 . 2 15 3 2 5 3 . 2 2 4 . 1 5 1 3 1 1 4 4 35 Combat Bots Only 13 | . 3 5 . 2 13 3 2 5 1 . 2 2 3 . . 5 1 3 1 1 4 4 8 Max Kills in Single Turn 36 | 1 2 1 . 1 1 1 1 1 1 . 1 1 4 . 1 2 1 1 1 1 2 1 36 Gunslinging 1 | . 1 . . . . . . . . . . . . . . . . . . . . . . Exploded 8 | . . . . . . . . 1 . . . 1 3 . . 1 1 . . 1 . . 8 Melee 1 | . . . . 1 . 1 . . . . 1 1 . . . . . . . 1 . . . Uniques/NPCs Destroyed . | . . . . . . . . . . . . . . . . . . . . . . . . Combat | -11 -10 -10 -10 -9 -8 -8 -8 -8 -8 -8 -6 -6 -5 -5 -4 -4 -4 -4 -3 -3 -2 -2 -1 -------- Run | Yrd Mat Min Exi Min Mat Gar Sto Gar Rec Scr Fac Gar Fac Gar Fac Gar Fac Gar Res Qua Res Gar Acc Hostile Shots Fired 1375 | . 11 61 . 21 112 61 43 120 28 . 24 146 70 48 4 117 32 47 18 55 25 120 212 Missed 489 | . 2 14 . 6 28 16 10 35 3 . 6 41 35 18 3 50 15 18 12 21 12 38 106 Hits 886 | . 9 47 . 15 84 45 33 85 25 . 18 105 35 30 1 67 17 29 6 34 13 82 106 Melee 38 | . . 2 . . 2 . . . 16 . . . . 16 . . . . . 1 . 1 . Projectile 848 | . 9 45 . 15 82 45 33 85 9 . 18 105 35 14 1 67 17 29 6 33 13 81 106 AOE 6 | . . . . . . . . . . . . . . . . 4 . . . 2 . . . Critical Strikes 42 | . . . . . 1 1 5 4 . . . 4 . 2 1 5 . 3 . 5 . 7 4 Actively Blocked 25 | . . . . . . . . . . . . . . . 1 5 . 3 . 5 . 7 4 Part Disruptions 1 | . . . . . . . . . . . . . . . . . . . . 1 . . . Damage Taken 18495 | . 76 594 . 301 1134 605 517 1321 217 . 267 1772 640 837 42 1606 148 421 114 603 309 2432 4539 Core 3799 | . 8 18 . 140 311 88 44 345 96 . 43 447 85 330 . 213 3 38 11 41 21 134 1383 Absorbed by Shields 1097 | . . . . . . . . . . . . 53 . . . . 46 446 118 434 . . . Ignored by Resistances 74 | . . . . . 63 . . . . . . . . . . 8 . . . . . 3 . Regen/Repaired (Parts) 737 | . . . . . . . . . . 579 . . . . . 66 . . . 92 . . . Core Remaining (%) 72 | 100 . . . 77 . . . . . 52 . 75 . 62 . . . 79 . 96 . 90 18 Volleys Fired 811 | 7 7 39 . 8 . 24 13 80 44 2 4 41 38 19 34 106 25 90 33 30 13 106 48 Largest 3 | 2 3 3 . 2 . 2 2 2 2 1 1 2 2 2 1 2 1 2 1 1 2 2 3 Hottest 339 | 40 90 90 . 70 . 180 180 180 77 5 5 60 60 60 85 185 120 185 120 120 225 225 339 Shots Fired 1212 | 14 21 89 . 18 67 75 25 102 57 2 4 47 48 25 34 147 25 93 34 31 18 149 87 Gun 360 | 14 21 89 . 18 67 37 . 10 4 . . 19 20 17 . 40 . 4 . . . . . Cannon 575 | . . . . . . 38 25 87 43 . . 17 1 . 34 83 6 34 11 11 10 100 75 Launcher 1 | . . . . . . . . . . . . . . . . . . . . . . . 1 Special 276 | . . . . . . . . 5 10 2 4 11 27 8 . 24 19 55 23 20 8 49 11 Kinetic 255 | 14 14 83 . 10 . . . 35 43 . . 19 20 17 . . . . . . . . . Thermal 667 | . 7 6 . 8 67 75 25 52 4 . . 17 . . 34 120 6 38 11 11 10 100 76 Explosive . | . . . . . . . . . . . . . . . . . . . . . . . . Electromagnetic 16 | . . . . . . . . 10 . . . 2 1 . . 3 . . . . . . . Robot Hit Streak 30 | 5 5 8 . 11 12 13 4 16 18 4 7 9 9 4 . 17 7 10 5 4 4 30 21 Robot Miss Streak 7 | 1 2 6 . 1 2 2 3 2 1 . . 2 4 7 5 5 3 2 4 4 3 3 4 Penetration Max . | . . . . . . . . . . . . . . . . . . . . . . . . Secondary Targets 4 | . 1 1 . 1 . . . . . . . . 1 . . . . . . . . . . Max Gunslinging Chain 1 | . 1 1 . 1 . . . . . . . . 1 . . . . . . . . . . Autonomous 105 | . . . . . 67 38 . . . . . . . . . . . . . . . . . Shots Hit Robots 784 | 9 14 55 4 16 60 52 12 68 37 1 8 45 28 9 . 104 17 55 16 21 10 98 45 Core Hits 259 | 5 7 28 . 7 27 14 5 24 9 . 2 21 10 2 1 32 . 9 3 5 4 15 29 Critical Kills 7 | . . 1 . . . . . . . . . . . . . 3 . 1 . . . 1 1 Critical Parts Destroyed 3 | . . . . . . 3 . . . . . . . . . . . . . . . . . Critical Strikes 18 | . . 1 . 1 . 3 . 1 2 . 1 2 . . . 3 . 1 . 1 . 1 1 Burn 1 | . . . . 1 . . . . . . . . . . . . . . . . . . . Meltdown 6 | . . . . . . . . . . . . . . . . 3 . 1 . . . 1 1 Destroy 1 | . . 1 . . . . . . . . . . . . . . . . . . . . . Blast 3 | . . . . . . . . 1 2 . . . . . . . . . . . . . . Smash 3 | . . . . . . 3 . . . . . . . . . . . . . . . . . Sever 4 | . . . . . . . . . . . 1 2 . . . . . . . 1 . . . Melee Attacks 61 | . . . 4 1 3 9 . . 1 . 9 24 . . . . . . . 10 . . . Impact 12 | . . . . . 3 9 . . . . . . . . . . . . . . . . . Slashing 45 | . . . . 1 . . . . 1 . 9 24 . . . . . . . 10 . . . Piercing . | . . . . . . . . . . . . . . . . . . . . . . . . Sneak Attacks 6 | . . . 4 . 1 . . . 1 . . . . . . . . . . . . . . Combat Hostiles . | . . . . . . . . . . . . . . . . . . . . . . . . Follow-up Attacks . | . . . . . . . . . . . . . . . . . . . . . . . . Damage Inflicted 61850 | 108 156 520 . 204 1757 1491 388 1965 888 . 202 1338 995 95 32 3736 171 708 338 743 212 2622 43181 Guns 4867 | 108 156 516 . 162 1562 737 . 70 34 . . 252 395 88 . 723 . 64 . . . . . Cannons 12221 | . . . . . . 575 388 1858 762 . . 268 6 . 32 2450 171 644 338 123 203 2622 1781 Explosions 42960 | . . . . . . . . 37 . . . 366 594 . . 563 . . . . . . 41400 Melee 1778 | . . . . 42 195 179 . . 88 . 202 452 . . . . . . . 620 . . . Ramming 24 | . . 4 . . . . . . 4 . . . . 7 . . . . . . 9 . . Kinetic 2885 | 108 107 478 . 74 . . . 621 762 . . 252 395 88 . . . . . . . . . Thermal 55765 | . 49 38 . 88 1562 1312 388 1274 34 . . 383 103 . 32 3156 171 708 338 123 203 2622 43181 Explosive . | . . . . . . . . . . . . . . . . . . . . . . . . Electromagnetic 1398 | . . . . . . . . 70 . . . 251 497 . . 580 . . . . . . . Impact 374 | . . . . . 195 179 . . . . . . . . . . . . . . . . . Slashing 1404 | . . . . 42 . . . . 88 . 202 452 . . . . . . . 620 . . . Piercing . | . . . . . . . . . . . . . . . . . . . . . . . . Highest Corruption 31 | . . . . 17 16 16 16 11 31 . . 3 9 12 3 7 4 5 2 7 . 2 24 Average Corruption 12 | . . . . 17 14 12 13 9 17 . . 2 6 10 3 5 4 2 2 5 . 1 17 Corruption Purged . | . . . . . . . . . . . . . . . . . . . . . . . . Corruption Blocked . | . . . . . . . . . . . . . . . . . . . . . . . . Effects 407 | . . . . 3 14 40 30 27 203 . . 6 4 7 1 16 2 21 7 10 . 3 13 Message Errors 119 | . . . . 1 7 13 10 7 57 . . 2 1 3 . 6 1 2 2 4 . 1 2 Matter Fused 103 | . . . . . 2 12 7 7 55 . . 2 1 1 . 4 . 6 2 1 . 1 2 Heat Flow Errors 40 | . . . . . 1 6 4 3 18 . . . . 1 1 . . 4 . 1 . 1 . Energy Discharges 41 | . . . . 2 1 3 2 3 24 . . . 1 . . 1 . 2 1 . . . 1 Parts Rejected 5 | . . . . . 1 1 . . 2 . . . . . . 1 . . . . . . . Parts Fused 6 | . . . . . . 1 1 1 1 . . . . . . . . 1 . . . . 1 Data Loss (minor) 49 | . . . . . 1 1 3 3 28 . . 1 1 1 . 2 . 3 1 3 . . 1 Data Loss (major) 15 | . . . . . . 3 . . 8 . . . . 1 . . 1 1 . . . . 1 Misfires 14 | . . . . . . . . 1 7 . . . . . . 1 . 1 1 1 . . 2 Alerts 5 | . . . . . . . 1 . 3 . . 1 . . . . . . . . . . . Misdirections 4 | . . . . . 1 . . 1 . . . . . . . . . . . . . . 2 Weapon Failures 6 | . . . . . . . 2 1 . . . . . . . 1 . 1 . . . . 1 Overload Shots . | . . . . . . . . . . . . . . . . . . . . . . . . Overflow Damage 6217 | . . . . . 67 151 . 48 100 . 17 23 . . . 58 . . . 9 . . 5744 Projectiles 243 | . . . . . . 22 . 37 37 . . 10 . . . 58 . . . . . . 79 Explosions 5676 | . . . . . . . . 11 . . . . . . . . . . . . . . 5665 Melee 298 | . . . . . 67 129 . . 63 . 17 13 . . . . . . . 9 . . . Knockbacks 20 | . . . . . 1 1 . 7 11 . . . . . . . . . . . . . . Impact 2 | . . . . . 1 1 . . . . . . . . . . . . . . . . . Kinetic 18 | . . . . . . . . 7 11 . . . . . . . . . . . . . . Secondary . | . . . . . . . . . . . . . . . . . . . . . . . . Self-Inflicted Damage 1267 | . . . . . . . . . 2 . . . . 3 . . . . . . . . 1262 Shots 1 | . . . . . . . . . . . . . . . . . . . . . . . 1 Rammed 3 | . . 1 . . . . . . 1 . . . . 1 . . . . . . . . . Targets Rammed 4 | . . 1 . . . . . . 1 . . . . 1 . . . . . . 1 . . Kicked 1 | . . . . . . . . . . . . . . . . . . . . . 1 . . Crushed . | . . . . . . . . . . . . . . . . . . . . . . . . Highest Temperature 452 | . 120 423 . 226 63 193 159 125 250 . . 16 8 266 111 186 . 226 . 16 350 287 452 Average Temperature 85 | . 43 140 . 28 63 42 25 27 93 . . 16 8 119 47 72 . 101 . 16 191 71 93 Received Heat Transfer 3423 | . . 249 . 108 342 198 342 666 63 . . 636 36 90 . 282 . 37 8 24 18 297 27 Effects 9 | . . 6 . . . . . . . . . . . . . . . . . . . 1 2 Shutdowns 2 | . . 1 . . . . . . . . . . . . . . . . . . . . 1 Energy Bleed 3 | . . 1 . . . . . . . . . . . . . . . . . . . 1 1 Damage (major) 4 | . . 4 . . . . . . . . . . . . . . . . . . . . . Siege Activations . | . . . . . . . . . . . . . . . . . . . . . . . . Martial Activations . | . . . . . . . . . . . . . . . . . . . . . . . . Shielding Activations . | . . . . . . . . . . . . . . . . . . . . . . . . Robots Disrupted . | . . . . . . . . . . . . . . . . . . . . . . . . Combat Hostiles . | . . . . . . . . . . . . . . . . . . . . . . . . Robots Corrupted 6 | . . . . . 1 1 . . 1 . . . . . . 3 . . . . . . . Combat Hostiles 5 | . . . . . . 1 . . 1 . . . . . . 3 . . . . . . . Parts Fried 10 | . . . . . 3 1 . . . . . . 1 . . 5 . . . . . . . Impact Corruptions 6 | . . . . . 2 3 . . 1 . . . . . . . . . . . . . . Robots Melted 7 | . . . . . . . . . . . . . . . . 4 . 1 . . . 1 1 Combat Hostiles 6 | . . . . . . . . . . . . . . . . 3 . 1 . . . 1 1 Parts Melted 41 | . . 2 . 3 2 4 2 2 . . . 1 . . . 9 . 2 . . . 10 4 Heat Transferred 16087 | . 148 111 . 333 1998 1723 600 1950 74 . . 507 100 . 37 3145 148 592 259 111 185 2238 1828 Parts Sabotaged . | . . . . . . . . . . . . . . . . . . . . . . . . Parts Stolen 2 | . . . . . . . . . 2 . . . . . . . . . . . . . . Parts Stripped . | . . . . . . . . . . . . . . . . . . . . . . . . Power Chain Reactions 3 | . . . . . . . . 1 . . . 1 1 . . . . . . . . . . Latent Energy Used 686 | . . . . . . . . . . . . 133 199 . . 354 . . . . . . . LE Corruption 13 | . . . . . . . . . . . . 3 3 . . 7 . . . . . . . Alert | -11 -10 -10 -10 -9 -8 -8 -8 -8 -8 -8 -6 -6 -5 -5 -4 -4 -4 -4 -3 -3 -2 -2 -1 ------- Run | Yrd Mat Min Exi Min Mat Gar Sto Gar Rec Scr Fac Gar Fac Gar Fac Gar Fac Gar Res Qua Res Gar Acc Maximum Alert Level 5 | . . . . 1 3 4 3 4 3 . . . . . . 2 1 2 1 1 . 2 5 Low Security (%) 41 | 100 100 100 . 95 15 . . . 31 . 100 100 100 100 100 23 66 49 82 99 100 14 14 Level 1 19 | . . . . 4 28 . . 7 19 . . . . . . 46 33 32 17 . . 49 84 Level 2 20 | . . . . . 15 3 97 15 28 . . . . . . 29 . 17 . . . 35 . Level 3 13 | . . . . . 40 50 2 45 20 . . . . . . . . . . . . . . Level 4 4 | . . . . . . 45 . 30 . . . . . . . . . . . . . . . Level 5 . | . . . . . . . . . . . . . . . . . . . . . . . . High Security . | . . . . . . . . . . . . . . . . . . . . . . . . Max Security . | . . . . . . . . . . . . . . . . . . . . . . . . Peak Influence 3891 | 10 67 70 . 287 983 1439 701 1258 909 . 37 181 127 186 82 529 277 477 267 192 83 562 3891 Initial 701 | . 3 . . . 108 633 701 269 565 . . 11 94 77 29 26 277 . 267 . 48 9 336 Average 383 | 2 15 19 . 52 559 1057 570 885 445 . 9 97 28 115 40 298 133 243 111 42 36 336 268 Influence Increases 13612 | 20 82 200 . 471 1117 866 235 1099 1154 . 68 422 177 209 179 693 45 707 154 422 83 832 4377 Destroy 0b10 Robot/C 3860 | . 60 180 . 140 600 540 120 600 100 . 40 200 100 100 45 225 15 120 45 135 60 210 225 Destroy 0b10 Robot/NC 260 | 20 10 . . 5 20 . . . 35 . . 5 5 . 16 12 . . 4 8 . 4 116 Destroy Leader 490 | . 12 20 . 20 114 30 30 30 . . 10 . 20 20 28 24 . 16 16 10 8 24 58 Allied During Kill 876 | . . . . 10 68 81 15 33 7 . 2 13 . 39 46 32 6 89 64 78 . 135 158 Successful Hack 178 | . . . . . . 30 2 42 23 . . 30 . . . 11 . 11 11 . . . 18 Select Force Hacks 180 | . . . . . . . . . 180 . . . . . . . . . . . . . . Disable Machine 453 | . . . . . . 15 45 . 15 . . . 30 . 24 . 12 36 . 72 . 24 180 Anti-Garrison Action 1685 | . . . . . . 100 . 300 . . . 100 . 50 . 265 . 341 . 113 . 303 113 Destroy Structure 3959 | . . . . . 15 55 8 49 10 . 1 29 22 . 8 76 12 22 14 6 15 108 3509 Partial Spotted 27 | . . . . . 15 . . . . . . . . . 12 . . . . . . . . Lose Combat Pursuer 354 | . . . . . 75 15 15 45 . . 15 45 . . . 48 . 72 . . . 24 . Miscellaneous 1290 | . . . . 296 210 . . . 784 . . . . . . . . . . . . . . Influence Decreases 9721 | 15 87 200 . 192 421 402 1260 255 1513 899 51 258 247 264 197 202 574 230 631 336 156 283 1048 Entered New Map 3886 | . 2 . . . 171 342 738 145 693 899 . 6 87 34 27 12 252 . 210 . 38 4 226 Time Decay 2963 | 15 85 160 . 192 150 . 362 . 770 . 31 . 114 . 170 . 184 . 254 164 98 . 214 Lost Part 869 | . . 40 . . 80 20 20 70 10 . 20 132 20 100 . 70 . 10 10 20 . 79 168 Lost Ally 2003 | . . . . . 20 40 140 40 40 . . 120 26 130 . 120 138 220 157 152 20 200 440 Squads Dispatched 45 | . 1 1 . 1 9 . 2 . 1 . . . 3 . . . 6 . 3 8 2 . 8 Investigation 8 | . . . . 1 . . . . 1 . . . 1 . . . 2 . . 1 1 . 1 Extermination 7 | . . . . . . . . . . . . . 1 . . . 1 . 2 1 . . 2 Reinforcement 19 | . 1 . . . 8 . 1 . . . . . 1 . . . 2 . . 3 . . 3 Assault 7 | . . 1 . . . . 1 . . . . . . . . . . . . 3 . . 2 Garrison 4 | . . . . . 1 . . . . . . . . . . . 1 . 1 . 1 . . Intercept . | . . . . . . . . . . . . . . . . . . . . . . . . Searches Triggered . | . . . . . . . . . . . . . . . . . . . . . . . . Construction Impeded 1 | . . . . . . . . . . . . . 1 . . . . . . . . . . Haulers Reinforced . | . . . . . . . . . . . . . . . . . . . . . . . . Active Scanning Responses . | . . . . . . . . . . . . . . . . . . . . . . . . Cargo Convoy Interrupts . | . . . . . . . . . . . . . . . . . . . . . . . . Alert ID Control Effect 95 | . . . . . . . . . 1 . . 3 1 3 . 10 14 15 18 3 2 16 9 Stealth | -11 -10 -10 -10 -9 -8 -8 -8 -8 -8 -8 -6 -6 -5 -5 -4 -4 -4 -4 -3 -3 -2 -2 -1 --------- Run | Yrd Mat Min Exi Min Mat Gar Sto Gar Rec Scr Fac Gar Fac Gar Fac Gar Fac Gar Res Qua Res Gar Acc Distress Signals 8 | . . . . . 1 . . . . . 1 . . . . . 1 . 2 2 1 . . Communications Jammed 2 | . . . . . . . . . . . . . . . . . . . . . . . 2 Distress Signals 2 | . . . . . . . . . . . . . . . . . . . . . . . 2 Times Spotted 462 | . 5 18 . 6 39 26 15 38 10 . 3 20 19 13 7 47 24 39 18 38 11 49 17 Peak Tracking Total 14 | . 3 4 . 2 14 4 3 6 3 . 3 5 4 8 2 7 9 5 3 9 5 8 7 Tactical Retreats 17 | . . 1 . . 2 1 1 2 . . 1 2 . . . 3 . 3 . . . 1 . Traps | -11 -10 -10 -10 -9 -8 -8 -8 -8 -8 -8 -6 -6 -5 -5 -4 -4 -4 -4 -3 -3 -2 -2 -1 ------- Run | Yrd Mat Min Exi Min Mat Gar Sto Gar Rec Scr Fac Gar Fac Gar Fac Gar Fac Gar Res Qua Res Gar Acc Traps Triggered 29 | . . . . . 2 6 1 4 . . . 4 . 2 . 2 . 3 1 . . 2 2 Indirectly . | . . . . . . . . . . . . . . . . . . . . . . . . Trap Hack Attempts . | . . . . . . . . . . . . . . . . . . . . . . . . Triggered . | . . . . . . . . . . . . . . . . . . . . . . . . Disarmed . | . . . . . . . . . . . . . . . . . . . . . . . . Reprogrammed . | . . . . . . . . . . . . . . . . . . . . . . . . Reused . | . . . . . . . . . . . . . . . . . . . . . . . . Traps Extracted . | . . . . . . . . . . . . . . . . . . . . . . . . Installed . | . . . . . . . . . . . . . . . . . . . . . . . . Triggered . | . . . . . . . . . . . . . . . . . . . . . . . . Machines | -11 -10 -10 -10 -9 -8 -8 -8 -8 -8 -8 -6 -6 -5 -5 -4 -4 -4 -4 -3 -3 -2 -2 -1 ---------- Run | Yrd Mat Min Exi Min Mat Gar Sto Gar Rec Scr Fac Gar Fac Gar Fac Gar Fac Gar Res Qua Res Gar Acc Machines Disabled 63 | . . . . . . 2 3 4 1 . . 2 2 1 2 5 1 9 . 7 . 8 16 Max in Single Turn 13 | . . . . . . 1 1 1 1 . . 1 2 1 1 1 . 1 . 1 . 1 13 Garrison Access 2 | . . . . . . . . . . . . . . . . . . . . 1 . . 1 Garrison Relay 24 | . . . . . . 1 . 4 . . . 2 . 1 . 4 . 6 . . . 6 . Phase Generator 1 | . . . . . . . . . . . . . . . . . . 1 . . . . . Energy Cycler 1 | . . . . . . . . . . . . . . . . . . . . . . . 1 Machines Repaired . | . . . . . . . . . . . . . . . . . . . . . . . . Machines Dismantled 2 | . . . . . . . 1 . . . . 1 . . . . . . . . . . . Machines Sabotaged . | . . . . . . . . . . . . . . . . . . . . . . . . Overloaded Fab Kills . | . . . . . . . . . . . . . . . . . . . . . . . . Hacking | -11 -10 -10 -10 -9 -8 -8 -8 -8 -8 -8 -6 -6 -5 -5 -4 -4 -4 -4 -3 -3 -2 -2 -1 --------- Run | Yrd Mat Min Exi Min Mat Gar Sto Gar Rec Scr Fac Gar Fac Gar Fac Gar Fac Gar Res Qua Res Gar Acc Machines Accessed 66 | . . 1 2 . 1 3 7 3 14 . 2 2 4 . 5 2 2 2 4 3 2 1 6 Terminals 41 | . . . . . . 3 6 3 6 . . 2 2 . 2 2 1 2 2 2 1 1 6 Fabricators 3 | . . . . . . . . . . . . . 1 . 1 . . . 1 . . . . Repair Stations 1 | . . . . . . . . . . . . . . . 1 . . . . . . . . Recycling Units 8 | . . . . . . . . . 8 . . . . . . . . . . . . . . Scanalyzers 1 | . . . . . . . . . . . 1 . . . . . . . . . . . . Garrison Access 9 | . . . . . 1 . 1 . . . 1 . 1 . 1 . 1 . 1 1 1 . . Total Hacks 136 | . . 1 2 . 2 5 11 4 40 . 6 4 10 . 9 3 4 6 6 7 5 3 8 Successful 58 | . . 1 2 . 1 2 5 3 21 . 2 2 3 . 2 1 2 1 3 3 2 1 1 Failed 78 | . . . . . 1 3 6 1 19 . 4 2 7 . 7 2 2 5 3 4 3 2 7 Catastrophic 19 | . . . . . . 2 3 . 2 . 2 1 1 . 1 . . 2 1 1 1 . 2 Database Lockouts . | . . . . . . . . . . . . . . . . . . . . . . . . Manual 40 | . 1 . 1 . . . 5 . 22 . 3 1 . . . . . . 3 3 1 . . Terminals 72 | . . . . . . 5 10 4 11 . . 4 5 . 4 3 2 6 3 2 2 3 8 Fabricators 6 | . . . . . . . . . . . . . 4 . 1 . . . 1 . . . . Repair Stations 2 | . . . . . . . . . . . . . . . 2 . . . . . . . . Recycling Units 29 | . . . . . . . . . 29 . . . . . . . . . . . . . . Scanalyzers 2 | . . . . . . . . . . . 2 . . . . . . . . . . . . Garrison Access 22 | . . . . . 2 . 1 . . . 4 . 1 . 2 . 2 . 2 5 3 . . Terminal Hacks 20 | . . 1 2 . . 2 3 3 . . . 2 1 . . 1 . 1 1 1 . 1 1 Record 1 | . . . 1 . . . . . . . . . . . . . . . . . . . . Open Door 3 | . . 1 . . . . 1 . . . . . . . . . . . . 1 . . . Branch Access Points 2 | . . . . . . . . . . . . . . . . . . . 1 . . . 1 Emergency Access Points 5 | . . . . . . 1 . 1 . . . . . . . 1 . 1 . . . 1 . Locate Traps 1 | . . . . . . . 1 . . . . . . . . . . . . . . . . Hauler Manifests 1 | . . . . . . . 1 . . . . . . . . . . . . . . . . Zone Layout 1 | . . . . . . . . . . . . . 1 . . . . . . . . . . Garrison Registry 2 | . . . . . . . . 1 . . . 1 . . . . . . . . . . . Patrol Navigation 1 | . . . . . . . . 1 . . . . . . . . . . . . . . . Security Stations 2 | . . . . . . 1 . . . . . 1 . . . . . . . . . . . Proto ID Catalog 1 | . . . 1 . . . . . . . . . . . . . . . . . . . . Fabricator Hacks 2 | . . . . . . . . . . . . . 1 . . . . . 1 . . . . Network Status 2 | . . . . . . . . . . . . . 1 . . . . . 1 . . . . Repair Station Hacks . | . . . . . . . . . . . . . . . . . . . . . . . . Recycling Unit Hacks 8 | . . . . . . . . . 8 . . . . . . . . . . . . . . Retrieve Matter 1 | . . . . . . . . . 1 . . . . . . . . . . . . . . Retrieve Components 7 | . . . . . . . . . 7 . . . . . . . . . . . . . . Scanalyzer 1 | . . . . . . . . . . . 1 . . . . . . . . . . . . Retrieve Study 1 | . . . . . . . . . . . 1 . . . . . . . . . . . . Garrison Access Hacks 13 | . . . . . 1 . 1 . . . 1 . 1 . 2 . 2 . 1 2 2 . . Unlock Access 9 | . . . . . 1 . 1 . . . 1 . 1 . 1 . 1 . 1 1 1 . . Coupler Status 4 | . . . . . . . . . . . . . . . 1 . 1 . . 1 1 . . Unauthorized Hacks 14 | . . . . . . . 1 . 13 . . . . . . . . . . . . . . Terminals 8 | . . . . . . . 1 . 7 . . . . . . . . . . . . . . Botnet 1 | . . . . . . . . . 1 . . . . . . . . . . . . . . Skim 7 | . . . . . . . 1 . 6 . . . . . . . . . . . . . . Fabricators . | . . . . . . . . . . . . . . . . . . . . . . . . Repair Stations . | . . . . . . . . . . . . . . . . . . . . . . . . Recycling Units 6 | . . . . . . . . . 6 . . . . . . . . . . . . . . Tunnel 6 | . . . . . . . . . 6 . . . . . . . . . . . . . . Scanalyzers . | . . . . . . . . . . . . . . . . . . . . . . . . Garrison Access . | . . . . . . . . . . . . . . . . . . . . . . . . Data Cores Recovered 2 | . 1 . . . 1 . . . . . . . . . . . . . . . . . . Used . | . . . . . . . . . . . . . . . . . . . . . . . . Hacking Detections 51 | . . . . . 1 2 4 3 9 . 2 1 4 . 4 2 2 2 3 3 2 1 6 Full Trace Events 9 | . . . . . . 1 . . 2 . . . 1 . . 1 1 1 . . 1 . 1 Feedback Events 1 | . . . . . . . . . . . . . . . . . . 1 . . . . . Corruption 1 | . . . . . . . . . . . . . . . . . . 1 . . . . . Feedback Blocked . | . . . . . . . . . . . . . . . . . . . . . . . . Robot Schematics Acquired . | . . . . . . . . . . . . . . . . . . . . . . . . Robots Built . | . . . . . . . . . . . . . . . . . . . . . . . . Authchips . | . . . . . . . . . . . . . . . . . . . . . . . . Time . | . . . . . . . . . . . . . . . . . . . . . . . . Total Robot Build Rating . | . . . . . . . . . . . . . . . . . . . . . . . . Part Schematics Acquired . | . . . . . . . . . . . . . . . . . . . . . . . . Parts Built . | . . . . . . . . . . . . . . . . . . . . . . . . Authchips . | . . . . . . . . . . . . . . . . . . . . . . . . Time . | . . . . . . . . . . . . . . . . . . . . . . . . Total Part Build Rating . | . . . . . . . . . . . . . . . . . . . . . . . . Part Studies Acquired 1 | . . . . . . . . . . . 1 . . . . . . . . . . . . Parts Repaired . | . . . . . . . . . . . . . . . . . . . . . . . . Time . | . . . . . . . . . . . . . . . . . . . . . . . . Parts Recycled . | . . . . . . . . . . . . . . . . . . . . . . . . Recycled Matter . | . . . . . . . . . . . . . . . . . . . . . . . . Retrieved Matter . | . . . . . . . . . . . . . . . . . . . . . . . . Retrieved Components 16 | . . . . . . . . . 16 . . . . . . . . . . . . . . Parts Scanalyzed . | . . . . . . . . . . . . . . . . . . . . . . . . Part Schematics Acquired . | . . . . . . . . . . . . . . . . . . . . . . . . Parts Damaged . | . . . . . . . . . . . . . . . . . . . . . . . . Bothacking | -11 -10 -10 -10 -9 -8 -8 -8 -8 -8 -8 -6 -6 -5 -5 -4 -4 -4 -4 -3 -3 -2 -2 -1 ------------ Run | Yrd Mat Min Exi Min Mat Gar Sto Gar Rec Scr Fac Gar Fac Gar Fac Gar Fac Gar Res Qua Res Gar Acc Used RIF Installer 7 | . . . . . . 1 . 1 . . . 1 . 1 . 1 . 1 . . . 1 . Coupler Efficiency 1 | . . . . . . . . 1 . . . . . . . . . . . . . . . Hotswap 1 | . . . . . . . . . . . . . . . . . . 1 . . . . . Command Fork 1 | . . . . . . . . . . . . . . . . 1 . . . . . . . Threat Obfuscator 1 | . . . . . . . . . . . . . . 1 . . . . . . . . . Signal Jammer 1 | . . . . . . . . . . . . . . . . . . . . . . 1 . Alert ID Control 1 | . . . . . . . . 1 . . . . . . . . . . . . . . . Autoassimilate 1 | . . . . . . . . . . . . 1 . . . . . . . . . . . Robots Hacked 134 | . . . 4 . . . . 5 5 2 3 5 10 3 . 13 16 19 9 10 6 18 6 Non-combat 22 | . . . 3 . . . . . . . 2 . 4 . . 1 3 . 3 1 2 . 3 Combat 112 | . . . 1 . . . . 5 5 2 1 5 6 3 . 12 13 19 6 9 4 18 3 Autoassimilated 12 | . . . . . . . . . . . . . 1 . . 1 3 2 . 2 1 2 . Robot Hacks Applied 140 | . . . 4 . . . . 5 9 2 3 5 13 3 . 14 13 19 11 10 6 16 7 parse_system 18 | . . . 4 . . . . . . 2 1 . 2 . . . . 5 . 1 1 1 1 no_distress 2 | . . . . . . . . . . . . . . . . 1 . . 1 . . . . find_chute 1 | . . . . . . . . . . . 1 . . . . . . . . . . . . ignore_repairs 1 | . . . . . . . . . . . 1 . . . . . . . . . . . . map_walls 2 | . . . . . . . . . . . . . . . . . 1 . . . . . 1 find_dsf 1 | . . . . . . . . . . . . . . . . . . . 1 . . . . drop_inventory 2 | . . . . . . . . . . . . . . . . . . . 1 . . . 1 block_reporting 1 | . . . . . . . . . . . . . 1 . . . . . . . . . . map_route 5 | . . . . . . . . . . . . . 1 . . . 1 . . 1 2 . . mark_security 1 | . . . . . . . . . . . . . 1 . . . . . . . . . . disable_scanner 1 | . . . . . . . . . . . . . . . . . . . . 1 . . . locate_prototypes 1 | . . . . . . . . . . . . . . . . . . . . 1 . . . find_shortcuts 1 | . . . . . . . . . . . . . . . . 1 . . . . . . . find_garrison 1 | . . . . . . . . . . . . . . . . . . . 1 . . . . scatter_targeting 2 | . . . . . . . . . . . . . . . . . . . . 1 . . 1 disrupt_area 1 | . . . . . . . . . . . . . . . . . . . . . . . 1 amplify_resonance 17 | . . . . . . . . 1 . . . 1 1 1 . 2 1 3 1 4 . 2 . reboot_system 5 | . . . . . . . . . 3 . . . . . . 2 . . . . . . . overwrite_iff 1 | . . . . . . . . 1 . . . . . . . . . . . . . . . formatsys_low 3 | . . . . . . . . . . . . . 2 . . 1 . . . . . . . formatsys_high 73 | . . . . . . . . 3 6 . . 4 5 2 . 7 10 11 6 1 3 13 2 Relay Couplers Released 95 | . . . . . . 3 . 16 . . . 7 . 3 . 16 . 23 . 1 . 22 4 Machine Destruction 93 | . . . . . . 3 . 16 . . . 7 . 3 . 16 . 23 . 1 . 22 2 Programmers 2 | . . . . . . . . . . . . . . . . . . . . . . . 2 Attached 48 | . . . . . . . . 3 3 . . 11 . 1 . 5 . 7 1 2 . 13 2 Fabnet Peak Effective % . | . . . . . . . . . . . . . . . . . . . . . . . . Robots Rewired 27 | . . . . . . 3 . . . . . . . 2 . . . 10 . . . 12 . Allies Hacked 12 | . . . . . . . . . . . . . 1 . 1 . 1 1 2 . . 2 4 Hacks Repelled . | . . . . . . . . . . . . . . . . . . . . . . . . Allies | -11 -10 -10 -10 -9 -8 -8 -8 -8 -8 -8 -6 -6 -5 -5 -4 -4 -4 -4 -3 -3 -2 -2 -1 -------- Run | Yrd Mat Min Exi Min Mat Gar Sto Gar Rec Scr Fac Gar Fac Gar Fac Gar Fac Gar Res Qua Res Gar Acc Total Allies 136 | . . . . 2 . 3 . 4 5 . 1 5 7 4 4 11 17 23 7 3 4 33 3 Largest Group 24 | . . . . 2 1 3 1 2 3 3 3 2 3 5 4 6 10 15 19 10 4 23 24 Highest-Rated Group 1431 | . . . . 41 31 82 31 32 48 48 79 79 109 231 295 268 528 672 934 489 256 1386 1431 Highest-Rated Ally 148 | . . . . 31 31 31 31 16 16 16 79 79 49 81 82 82 58 56 64 56 64 148 148 Total Orders 4 | . . . . . . . 3 . . . . . . . . 1 . . . . . . . STAY 1 | . . . . . . . 1 . . . . . . . . . . . . . . . . AID 1 | . . . . . . . . . . . . . . . . 1 . . . . . . . EXPLORE 2 | . . . . . . . 2 . . . . . . . . . . . . . . . . Ally Attacks 955 | . . . . 10 35 64 10 37 7 . 19 51 10 22 24 55 88 103 80 80 4 158 98 Total Damage 29285 | . . . . 185 1388 1067 112 1162 180 . 149 1145 202 874 676 1585 3154 3409 2706 2193 168 5357 3573 Kills 186 | . . . . 4 15 15 1 13 3 . . 8 1 8 6 10 14 17 19 11 2 23 16 Allies Corrupted 12 | . . . . . . . . . . . . . . . . . . . 4 2 1 1 4 Allies Melted 4 | . . . . . . . . . . . . 2 . . . . 1 . . . . . 1 Turrets Deployed 3 | . . . . . 1 . . 1 . . . 1 . . . . . . . . . . . X0-1V1 Amusement Gains 269 | . 13 . . . 70 . 7 . 30 . . 10 . 40 . . . 20 5 20 . 20 34 Good Acts 126 | . 1 3 . 12 10 3 2 5 21 . 1 8 4 1 4 18 6 13 4 2 3 5 . Bad Acts 116 | . 3 13 . 14 9 . 1 6 41 . . 1 5 2 1 2 1 2 1 3 . 7 4 Intel | -11 -10 -10 -10 -9 -8 -8 -8 -8 -8 -8 -6 -6 -5 -5 -4 -4 -4 -4 -3 -3 -2 -2 -1 ------- Run | Yrd Mat Min Exi Min Mat Gar Sto Gar Rec Scr Fac Gar Fac Gar Fac Gar Fac Gar Res Qua Res Gar Acc Active Infowar (turns) 9343 | 7 112 . . . . 560 805 178 . 98 176 218 538 149 372 1222 479 1294 634 442 232 1340 487 Optics 7201 | . . . . . . . . . . . . 12 538 149 372 1222 479 1294 634 442 232 1340 487 Seismic 119 | 7 112 . . . . . . . . . . . . . . . . . . . . . . Triangulation 4800 | . . . . . . . . . . . . . 56 149 253 1222 479 1294 634 442 232 39 . Cloaking 2023 | . . . . . . 560 805 178 . 98 176 206 . . . . . . . . . . . Robot Analysis Total . | . . . . . . . . . . . . . . . . . . . . . . . . Derelict Logs Recovered 2 | . . . . 2 . . . . . . . . . . . . . . . . . . . Drone Launches 24 | . . . . . . . 24 . . . . . . . . . . . . . . . . Drone Recoveries 10 | . . . . . . . 10 . . . . . . . . . . . . . . . . Exploration | -11 -10 -10 -10 -9 -8 -8 -8 -8 -8 -8 -6 -6 -5 -5 -4 -4 -4 -4 -3 -3 -2 -2 -1 ------------- Run | Yrd Mat Min Exi Min Mat Gar Sto Gar Rec Scr Fac Gar Fac Gar Fac Gar Fac Gar Res Qua Res Gar Acc Turns Passed 21875 | 98 383 524 416 663 314 964 837 1739 6804 1012 176 756 538 149 372 1222 479 1294 634 442 232 1340 487 Spaces Moved 9392 | 59 161 253 332 508 113 431 254 562 796 669 102 413 409 137 376 711 323 840 398 279 163 811 292 Core 368 | 28 . . . . 2 . . . . . . 199 . 5 133 . . . . . . . 1 Treads 296 | 31 161 104 . . . . . . . . . . . . . . . . . . . . . Legs 6747 | . . 149 332 508 94 431 254 562 279 . . 74 315 . . 644 323 840 398 279 163 811 291 Wheels 1428 | . . . . . . . . . 517 669 102 140 . . . . . . . . . . . Hover 523 | . . . . . 17 . . . . . . . 94 102 243 67 . . . . . . . Flight 30 | . . . . . . . . . . . . . . 30 . . . . . . . . . Fastest Speed 40 | 50 160 120 120 120 56 120 260 185 145 130 125 50 45 40 50 50 120 120 118 112 108 108 115 Average Speed 137 | 107 160 136 120 122 147 161 269 260 184 144 129 110 103 44 55 115 120 120 118 115 110 112 122 Slowest Speed 1500 | 160 160 190 120 190 250 260 470 470 360 145 145 1500 126 50 200 190 120 120 120 179 112 118 750 Overloaded Moves . | . . . . . . . . . . . . . . . . . . . . . . . . Propulsion Burnouts . | . . . . . . . . . . . . . . . . . . . . . . . . Robots Hopped . | . . . . . . . . . . . . . . . . . . . . . . . . Potential Cave-ins 5 | . . 1 . . . . . . . . . . . . . . . . . . . . 4 Cave-ins Triggered 1 | . . . . . . . . . . . . . . . . . . . . . . . 1 Exploration Rate (%) 46 | 4 27 73 68 96 18 75 60 89 98 53 2 43 13 27 16 93 13 92 24 41 7 84 11 Regions Visited 23 Branch Regions 7 Pre-discovered Areas 9 | . . . 1 . . . . . 8 . . . . . . . . . . . . . . Known Exits Taken 11 | . . . . 1 1 . 1 . 1 1 1 . 1 . 1 . 1 . 1 . 1 . . Unknown Exits Taken 5 | 1 1 1 1 . . . . . . . . . . . . . . . . 1 . . . Scrap Searched 5 | . . 1 . 1 . . . . . 3 . . . . . . . . . . . . . Spaces Dug 12 | . . . . . . . 1 . 1 . 1 1 . . 1 . 1 2 . . . 2 2 Terrain Destroyed 2232 | . . . . . 13 . 7 1 9 . 1 9 11 . 4 25 2 11 4 . 4 16 2115 Melee 2 | . . . . . . . . . . . 1 1 . . . . . . . . . . . Projectile 101 | . . . . . 13 . 7 . 9 . . . . . 4 7 2 11 4 . 4 16 24 AOE 2129 | . . . . . . . . 1 . . . 8 11 . . 18 . . . . . . 2091 Terrain Rammed . | . . . . . . . . . . . . . . . . . . . . . . . . Walls Destroyed . | . . . . . . . . . . . . . . . . . . . . . . . . Machines Disabled . | . . . . . . . . . . . . . . . . . . . . . . . . Actions | -11 -10 -10 -10 -9 -8 -8 -8 -8 -8 -8 -6 -6 -5 -5 -4 -4 -4 -4 -3 -3 -2 -2 -1 --------- Run | Yrd Mat Min Exi Min Mat Gar Sto Gar Rec Scr Fac Gar Fac Gar Fac Gar Fac Gar Res Qua Res Gar Acc Total 17538 | 80 272 362 349 534 260 650 361 743 6090 712 131 629 491 204 506 979 404 1072 550 372 209 1187 391 Wait 6289 | . 95 53 . 6 121 81 47 25 5187 13 12 37 12 12 71 57 41 98 96 16 13 182 14 Move 9370 | 58 160 252 331 507 112 429 254 561 795 668 101 412 409 136 376 710 322 839 397 278 163 810 290 Hop . | . . . . . . . . . . . . . . . . . . . . . . . . Pick Up 226 | 8 6 7 6 2 1 8 11 26 18 12 1 14 7 2 10 26 8 9 8 13 3 13 7 Fast Attach 91 | 2 . 2 . . 6 11 . . 1 2 . 11 3 2 3 15 2 3 1 1 3 18 5 Attach 155 | 5 1 4 2 2 6 7 5 12 17 2 4 23 7 3 8 16 1 1 3 7 2 4 13 Detach 26 | . . . 1 . 1 2 . 1 1 . . 5 2 . . 6 . 2 . . 1 2 2 Swap 125 | . 2 3 2 3 1 4 7 10 2 4 . 3 6 . . 18 1 15 4 5 6 24 5 Drop 183 | . 1 1 3 5 9 8 4 13 12 9 . 21 7 2 3 18 4 10 7 12 4 25 5 Fire 811 | 7 7 39 . 8 . 24 13 80 44 2 4 41 38 19 34 106 25 90 33 30 13 106 48 Melee 61 | . . . 4 1 3 9 . . 1 . 9 24 . . . . . . . 10 . . . Ram 3 | . . . . . . . . . 1 . . . . 1 . . . . . . . . 1 Kick 1 | . . . . . . . . . . . . . . . . . . . . . 1 . . Crush 1 | . . 1 . . . . . . . . . . . . . . . . . . . . . Escape Stasis 106 | . . . . . . 15 5 15 . . . 35 . 26 . 3 . 4 . . . 2 1 Rewire 65 | . . . . . . 52 . . 4 . . . . 1 1 4 . 1 1 . . 1 . Trap . | . . . . . . . . . . . . . . . . . . . . . . . . Miscellaneous 25 | . . . . . . . 15 . 7 . . 3 . . . . . . . . . . . Route ------- -11/Scrapyard -10/Materials (discovered 2 exits: *Min / *Sub) -10/Mines (discovered 3 exits: [*Mat] / *Exi / Sub) -10/Exiles -9/Mines (discovered 2 exits: *Mat x2) -8/Materials -8/Garrison (discovered 3 exits: *Sto x3) -8/Storage (discovered 2 exits: [*Fac] / Gar) -8/Garrison (discovered 3 exits: *Rec x3) -8/Recycling (discovered 2 exits: *Fac / *Scr) -8/Scraptown (discovered 2 exits: *Fac x2) -6/Factory (discovered 3 exits: Fac / Low / Gar) -6/Garrison (discovered 3 exits: *Fac x3) -5/Factory (discovered 3 exits: *Upp x2 / Gar) -5/Garrison -4/Factory (discovered 2 exits: *Res / Gar) -4/Garrison (discovered 3 exits: *Fac x3) -4/Factory (discovered 2 exits: [*Upp] / Gar) -4/Garrison (discovered 3 exits: *Res x3) -3/Research (discovered 5 exits: *Res / Arm / *Qua x2 / Gar) -3/Quarantine -2/Research -2/Garrison (discovered 3 exits: *Acc x3) -1/Access (discovered 2 exits: [*Sur] / Com) To Epsilon Eridani History --------- Turn | Location | Event 4 | -11/Scrapyard | Discovered new exit (range 14) 99 | -11/Scrapyard | Entered Materials 187 | -10/Materials | Discovered new exit (range 7) 208 | -10/Materials | Prayed at D.C.S.S. Altar Unit 213 | -10/Materials | Weapon slot count permanently improved by X0-1V1 (+1) 334 | -10/Materials | Discovered new exit (range 11) 454 | -10/Materials | X0-1V1 sent you into danger 470 | -10/Materials | X0-1V1 announced a LAN party 482 | -10/Materials | Entered Mines 524 | -10/Mines | Build established: Gunner 593 | -10/Mines | Excavation squad dispatched 593 | -10/Mines | A large section of the Mines collapsed 628 | -10/Mines | X0-1V1 mutated your Weapon slot to Propulsion slot 660 | -10/Mines | X0-1V1 sent you into danger 717 | -10/Mines | Met a Derelict who couldn't figure out how to use a Trap Extractor 747 | -10/Mines | X0-1V1 sent you into danger 826 | -10/Mines | Lost 4 parts (1p2n1w) 940 | -10/Mines | A weapon hastily lodged in a ceiling crevice suddenly fell to the ground 981 | -10/Mines | Heat dissipation permanently improved by X0-1V1 (+20; -100 max core) 991 | -10/Mines | X0-1V1 vaporized surrounding terrain (radius 18) 991 | -10/Mines | Discovered new exit (range 11) 992 | -10/Mines | Discovered new exit (range 13) 993 | -10/Mines | Identified exit to Subcaves 993 | -10/Mines | X0-1V1 revealed exit location to -10/Subcaves 997 | -10/Mines | Deemed a non-threat by the Exiles lab entrance 1006 | -10/Mines | Entered Exiles 1038 | -10/Exiles | Met 8R-AWN 1059 | -10/Exiles | Met EX-HEX 1123 | -10/Exiles | Build established: Scavenger-Mutant 1132 | -10/Exiles | Met EX-DEC 1164 | -10/Exiles | Learned location of Zion (-7) 1242 | -10/Exiles | Met EX-BIN 1260 | -10/Exiles | Aligned with FarCom system 1261 | -10/Exiles | Given EX-Vault access code 1289 | -10/Exiles | Opened EX-Vault 1297 | -10/Exiles | Found AWS/Thermal 1302 | -10/Exiles | Found Deploy-a-Sentry 1304 | -10/Exiles | Found Deploy-a-Sentry 1310 | -10/Exiles | Found Deploy-a-Sentry 1312 | -10/Exiles | Found Latent Energy Streamer 1337 | -10/Exiles | Warned to stay clear of 0b10 Research branches 1411 | -10/Exiles | Discovered new exit (range 11) 1422 | -10/Exiles | Stole three prototypes: AWS/Thermal, Latent Energy Streamer, Deploy-a-Sentry 1422 | -10/Exiles | Entered Mines 1458 | -9/Mines | Core integrity permanently improved by X0-1V1 (+200) 1529 | -9/Mines | Discovered new exit (range 10) 1565 | -9/Mines | Learned Materials stockpile data 1760 | -9/Mines | X0-1V1 added 0b10 threat records associated with you (minor) 1779 | -9/Mines | Identified exit to Materials 1779 | -9/Mines | X0-1V1 revealed exit location to -8/Materials 1812 | -9/Mines | Learned Materials garrison access intel 1998 | -9/Mines | X0-1V1 vaporized surrounding terrain (radius 19) 1999 | -9/Mines | X0-1V1 added 0b10 threat records associated with you (considerable) 2017 | -9/Mines | System corruption reached 10% 2069 | -9/Mines | Core integrity restored by X0-1V1 (+73) 2074 | -9/Mines | X0-1V1 sent hostile Y-45 Defender (x2) 2085 | -9/Mines | Entered Materials 2085 | -8/Materials | Accompanied by 1 ally 2085 | -8/Materials | Evolved 4 slots: Utility x4 2087 | -8/Materials | Loaded intel: 1 garrison access location 2090 | -8/Materials | Led the pair of lost Derelicts to an unsafe place 2105 | -8/Materials | X0-1V1 announced a LAN party 2109 | -8/Materials | X0-1V1 mutated your Propulsion slot to Utility slot 2111 | -8/Materials | System corruption reached 10% 2135 | -8/Materials | X0-1V1 added 0b10 threat records associated with you (considerable) 2163 | -8/Materials | X0-1V1 enhanced Transport squad support 2169 | -8/Materials | X0-1V1 sent you to a vault 2177 | -8/Materials | X0-1V1 upgraded hostiles (x1) 2200 | -8/Materials | Weapon slot count temporarily expanded by X0-1V1 (+4) 2204 | -8/Materials | DAS Turret deployed 2274 | -8/Materials | Lost 7 parts (1p4n1u1w) 2300 | -8/Materials | Garrison activated, responded to threat 2327 | -8/Materials | Destroyed 13 combat bots 2368 | -8/Materials | Core integrity restored by X0-1V1 (+188) 2396 | -8/Materials | Identified exit to Garrison 2399 | -8/Materials | Entered Garrison 2567 | -8/Garrison | Learned Storage security intel 2665 | -8/Garrison | AWS/Thermal suddenly broke down 2743 | -8/Garrison | Discovered new exit (range 15) 2907 | -8/Garrison | Triggered checkpoint 2925 | -8/Garrison | Triggered checkpoint 2981 | -8/Garrison | Discovered new exit (range 10) 3169 | -8/Garrison | Installed Relay Interface Framework 3223 | -8/Garrison | Triggered checkpoint 3243 | -8/Garrison | Garrison Relay disabled 3316 | -8/Garrison | Discovered new exit (range 13) 3363 | -8/Garrison | Entered Storage 3363 | -8/Storage | Accompanied by 1 ally 3365 | -8/Storage | FarCom data flow suspended 3521 | -8/Storage | Lost 5 allies 3588 | -8/Storage | Lost 4 allies 3627 | -8/Storage | Lost 3 allies 3729 | -8/Storage | Met 01-MTF 3763 | -8/Storage | First assault squad dispatched 4124 | -8/Storage | Discovered new exit (range 6) 4200 | -8/Storage | Identified exit to Garrison 4200 | -8/Storage | Entered Garrison 4200 | -8/Garrison | Accompanied by 1 ally (01-MTF) 4203 | -8/Garrison | 01-MTF left 4256 | -8/Garrison | Triggered checkpoint 4258 | -8/Garrison | X0-1V1 activates XOMVISION 4279 | -8/Garrison | X0-1V1 upgraded hostiles (x1) 4324 | -8/Garrison | Garrison Relay disabled 4375 | -8/Garrison | X0-1V1 sent hostile Y-45 Defender (x2) 4400 | -8/Garrison | Core integrity fell below 50% 4583 | -8/Garrison | DAS Turret deployed 4794 | -8/Garrison | Discovered new exit (range 10) 4824 | -8/Garrison | Triggered checkpoint 4910 | -8/Garrison | Garrison Relay disabled 4937 | -8/Garrison | Build established: Bothacker-Mutant 5076 | -8/Garrison | Triggered checkpoint 5077 | -8/Garrison | Core integrity fell below 20% 5108 | -8/Garrison | Triggered checkpoint 5134 | -8/Garrison | X0-1V1 rewrote Trooper 3a IFF filter 5306 | -8/Garrison | Triggered checkpoint 5325 | -8/Garrison | Expanded RIF knowledge: Alert ID Control 5390 | -8/Garrison | Garrison Relay disabled 5450 | -8/Garrison | Discovered new exit (range 10) 5455 | -8/Garrison | X0-1V1 sent hostile Y-45 Defender (x2) 5459 | -8/Garrison | X0-1V1 whisked you away to safety 5584 | -8/Garrison | Triggered checkpoint 5684 | -8/Garrison | Triggered checkpoint 5743 | -8/Garrison | Discovered new exit (range 51) 5743 | -8/Garrison | Discovered new exit (range 26) 5743 | -8/Garrison | Discovered new exit (range 37) 5759 | -8/Garrison | Garrison Relay disabled 5800 | -8/Garrison | Expanded RIF knowledge: Coupler Efficiency 5880 | -8/Garrison | X0-1V1 vaporized surrounding terrain (radius 20) 5939 | -8/Garrison | Entered Recycling 5939 | -8/Recycling | Accompanied by 1 ally 6440 | -8/Recycling | Discovered new exit (range 13) 6624 | -8/Recycling | Identified exit to Scraptown 6624 | -8/Recycling | X0-1V1 revealed exit location to -8/Scraptown 6765 | -8/Recycling | X0-1V1 mutated your Propulsion slot to Weapon slot 7074 | -8/Recycling | X0-1V1 activates XOMVISION 7469 | -8/Recycling | Learned Storage terminal intel 7506 | -8/Recycling | Learned location of Lower Caves (-6) 7534 | -8/Recycling | Learned 8 Factory zone layouts 7551 | -8/Recycling | Learned Storage garrison access intel 7557 | -8/Recycling | Learned Storage security intel 7597 | -8/Recycling | Learned 4 Factory zone layouts 7611 | -8/Recycling | Build established: Bothacker-Gunner 8058 | -8/Recycling | X0-1V1 mutated your Utility slot to Weapon slot 8330 | -8/Recycling | X0-1V1 activates XOMVISION 8615 | -8/Recycling | Build established: Bothacker-Tank 8974 | -8/Recycling | X0-1V1 sent hostile G-34 Mercenary (x3) 9219 | -8/Recycling | Core integrity restored by X0-1V1 (+104) 9422 | -8/Recycling | X0-1V1 mutated your Weapon slot to Propulsion slot 9608 | -8/Recycling | System corruption reached 30% 9728 | -8/Recycling | Build established: Bothacker-Mutant 9797 | -8/Recycling | X0-1V1 rewrote Defender 3a IFF filter 10115 | -8/Recycling | X0-1V1 added 0b10 threat records associated with you (major) 10134 | -8/Recycling | Core integrity restored by X0-1V1 (+117) 10341 | -8/Recycling | X0-1V1 sent hostile Y-45 Defender (x1) 10538 | -8/Recycling | X0-1V1 mutated your Utility slot to Power slot 10648 | -8/Recycling | X0-1V1 added 0b10 threat records associated with you (minor) 10803 | -8/Recycling | X0-1V1 added 0b10 threat records associated with you (minor) 10960 | -8/Recycling | X0-1V1 rewrote Defender 3c IFF filter 11325 | -8/Recycling | X0-1V1 added 0b10 threat records associated with you (major) 11414 | -8/Recycling | X0-1V1 rewrote Defender 3c IFF filter 11539 | -8/Recycling | X0-1V1 mutated your Weapon slot to Utility slot 12145 | -8/Recycling | X0-1V1 rewrote Defender 3c IFF filter 12274 | -8/Recycling | Hvy. Flail reconfigured into Item Mimic 12659 | -8/Recycling | Scanned before Scraplab entrance 12686 | -8/Recycling | Entered Scraplab 12743 | -8/Recycling | Entered Scraptown 12743 | -8/Scraptown | Accompanied by 3 allies 12743 | -8/Scraptown | System corruption cleaned by C-Scrubber 12744 | -8/Scraptown | Identified exit to Factory 12798 | -8/Scraptown | Visited Fellowship of the Rings 12818 | -8/Scraptown | Visited Junk Repository 12841 | -8/Scraptown | Visited Cave Peace 12853 | -8/Scraptown | Visited CR-KLE's Repair Center 12914 | -8/Scraptown | Visited Awakened 12949 | -8/Scraptown | Turned away by UFD registrar 13563 | -8/Scraptown | Visited CPS Storage 13668 | -8/Scraptown | CR-KLE repaired 5 parts 13755 | -8/Scraptown | Entered Factory 13755 | -6/Factory | Accompanied by 3 allies 13755 | -6/Factory | Evolved 4 slots: Propulsion x1, Utility x3 13756 | -6/Factory | Identified exit to Lower Caves 13756 | -6/Factory | Identified exit to Factory 13826 | -6/Factory | Identified exit to Garrison 13872 | -6/Factory | X0-1V1 sent allied Chaos Knight 2.0 (x1) 13878 | -6/Factory | Lost 3 allies 13931 | -6/Factory | Entered Garrison 13931 | -6/Garrison | Accompanied by 1 ally 13975 | -6/Garrison | Triggered checkpoint 14037 | -6/Garrison | Lost 5 parts (1p1n3u) 14045 | -6/Garrison | Learned Factory security intel 14076 | -6/Garrison | Garrison Relay disabled 14155 | -6/Garrison | Triggered checkpoint 14198 | -6/Garrison | Triggered checkpoint 14278 | -6/Garrison | DAS Turret deployed 14294 | -6/Garrison | Lost 5 parts (2p1n2u) 14445 | -6/Garrison | Lost 4 parts (1n2u1w) 14445 | -6/Garrison | Discovered exit to Factory (range 13) 14465 | -6/Garrison | Discovered exit to Factory (range 51) 14465 | -6/Garrison | Discovered exit to Factory (range 18) 14465 | -6/Garrison | Discovered exit to Factory (range 76) 14477 | -6/Garrison | Garrison Relay disabled 14499 | -6/Garrison | Core integrity restored by X0-1V1 (+256) 14531 | -6/Garrison | Triggered checkpoint 14533 | -6/Garrison | X0-1V1 turns hostiles against one another 14601 | -6/Garrison | X0-1V1 vaporized surrounding terrain (radius 23) 14605 | -6/Garrison | Expanded RIF knowledge: Autoassimilate 14687 | -6/Garrison | Entered Factory 14687 | -5/Factory | Evolved 2 slots: Propulsion x1, Utility x1 14791 | -5/Factory | Identified exit to Upper Caves 14791 | -5/Factory | X0-1V1 revealed exit location to -5/Upper Caves 14886 | -5/Factory | X0-1V1 announced a LAN party 15113 | -5/Factory | P-70 Sage assimilated allied Sentinel 6a 15150 | -5/Factory | Discovered exit to Upper Caves (range 21) 15182 | -5/Factory | X0-1V1 mutated your Propulsion slot to Weapon slot 15193 | -5/Factory | X0-1V1 sent hostile X-72 Disruptor (x3) 15217 | -5/Factory | Identified exit to Garrison 15225 | -5/Factory | Entered Garrison 15225 | -5/Garrison | Accompanied by 3 allies 15248 | -5/Garrison | Garrison Relay disabled 15263 | -5/Garrison | Triggered checkpoint 15311 | -5/Garrison | Spotted B-75 Beast 15312 | -5/Garrison | Triggered checkpoint 15315 | -5/Garrison | System corruption reached 10% 15318 | -5/Garrison | Rewired B-75 Beast 15322 | -5/Garrison | Triggered checkpoint 15323 | -5/Garrison | Triggered checkpoint 15361 | -5/Garrison | Expanded RIF knowledge: Threat Obfuscation 15370 | -5/Garrison | Discovered new exit (range 10) 15373 | -5/Garrison | Lost 7 allies 15374 | -5/Garrison | Entered Factory 15374 | -4/Factory | Evolved 2 slots: Propulsion x1, Utility x1 15398 | -4/Factory | X0-1V1 sent you to a vault 15403 | -4/Factory | Lost 10 parts (1p4n4u1w) 15419 | -4/Factory | Master 7a assimilated hostile Y-64 Sentinel 15516 | -4/Factory | X0-1V1 activates XOMVISION 15601 | -4/Factory | Discovered new exit (range 22) 15740 | -4/Factory | Spotted B-86 Titan 15743 | -4/Factory | Identified exit to Garrison 15746 | -4/Factory | Entered Garrison 15746 | -4/Garrison | Accompanied by 3 allies 15755 | -4/Garrison | X0-1V1 rewrote Master 7b IFF filter 15785 | -4/Garrison | Spotted B-86 Titan 15958 | -4/Garrison | Triggered checkpoint 15971 | -4/Garrison | Garrison Relay disabled 16015 | -4/Garrison | Spotted B-86 Titan 16028 | -4/Garrison | Destroyed B-86 Titan 16034 | -4/Garrison | Triggered checkpoint 16099 | -4/Garrison | Discovered new exit (range 13) 16134 | -4/Garrison | Triggered checkpoint 16149 | -4/Garrison | Triggered checkpoint 16154 | -4/Garrison | Triggered checkpoint 16228 | -4/Garrison | Lost 4 parts (2p2u) 16249 | -4/Garrison | Identified exit to Factory 16249 | -4/Garrison | X0-1V1 revealed exit location to -4/Factory 16279 | -4/Garrison | X0-1V1 mutated your Weapon slot to Propulsion slot 16424 | -4/Garrison | Rescued a captive Derelict 16464 | -4/Garrison | Expanded RIF knowledge: Command Fork 16508 | -4/Garrison | Garrison Relay disabled 16632 | -4/Garrison | Discovered exit to Factory (range 9) 16706 | -4/Garrison | Garrison Relay disabled 16796 | -4/Garrison | Triggered checkpoint 16806 | -4/Garrison | Build established: Botlord-Mutant 16817 | -4/Garrison | Garrison Relay disabled 16926 | -4/Garrison | X0-1V1 activates XOMVISION 16968 | -4/Garrison | Entered Factory 16968 | -4/Factory | Accompanied by 6 allies 17161 | -4/Factory | X0-1V1 foreshadows a heat wave 17218 | -4/Factory | X0-1V1 sent you to a vault 17281 | -4/Factory | Discovered new exit (range 21) 17306 | -4/Factory | Ambient heat levels rising (+10) 17359 | -4/Factory | Lost 3 allies 17381 | -4/Factory | Garrison activated, responded to threat 17408 | -4/Factory | Identified exit to Garrison 17447 | -4/Factory | Entered Garrison 17447 | -4/Garrison | Accompanied by 8 allies 17457 | -4/Garrison | Lost 3 allies 17470 | -4/Garrison | X0-1V1 destroyed Phase Generator 17470 | -4/Garrison | Phase Generator disabled 17539 | -4/Garrison | Garrison Relay disabled 17578 | -4/Garrison | P-70 Sage assimilated allied Assassin 7d 17618 | -4/Garrison | Lost 4 allies 17636 | -4/Garrison | Spotted B-86 Titan 17637 | -4/Garrison | Triggered checkpoint 17645 | -4/Garrison | Destroyed B-86 Titan 17675 | -4/Garrison | Triggered checkpoint 17678 | -4/Garrison | Heavy support dispatched to Research 17727 | -4/Garrison | Triggered checkpoint 17739 | -4/Garrison | Expanded RIF knowledge: Hotswap 17752 | -4/Garrison | Garrison Relay disabled 17783 | -4/Garrison | Discovered new exit (range 22) 17815 | -4/Garrison | H-XX Assembler disabled 17823 | -4/Garrison | X0-1V1 activates XOMVISION 17996 | -4/Garrison | Identified exit to Research 17996 | -4/Garrison | X0-1V1 revealed exit location to -3/Research 18019 | -4/Garrison | Triggered checkpoint 18048 | -4/Garrison | Garrison Relay disabled 18076 | -4/Garrison | Lost 3 allies 18091 | -4/Garrison | Garrison Relay disabled 18099 | -4/Garrison | Garrison Relay disabled 18101 | -4/Garrison | P-70 Sage assimilated allied Assassin 7i 18202 | -4/Garrison | X0-1V1 revealed exit location to -3/Research 18299 | -4/Garrison | Triggered checkpoint 18305 | -4/Garrison | Triggered checkpoint 18413 | -4/Garrison | Triggered checkpoint 18426 | -4/Garrison | Garrison Relay disabled 18581 | -4/Garrison | Triggered checkpoint 18741 | -4/Garrison | Entered Research 18741 | -3/Research | Accompanied by 15 allies 18741 | -3/Research | Evolved 2 slots: Propulsion x1, Utility x1 18955 | -3/Research | Discovered new exit (range 10) 19205 | -3/Research | Garrison activated, responded to threat 19211 | -3/Research | P-80 Master assimilated allied Assassin 7k 19235 | -3/Research | Identified exit to Garrison 19255 | -3/Research | Identified exit to Armory 19255 | -3/Research | Identified exit to Quarantine 19261 | -3/Research | Build established: Commander-Mutant 19338 | -3/Research | X0-1V1 announced a LAN party 19375 | -3/Research | Entered Quarantine 19375 | -3/Quarantine | Accompanied by 10 allies 19420 | -3/Quarantine | Found Alien Slashing Weapon 19422 | -3/Quarantine | Lost 5 allies 19443 | -3/Quarantine | Spotted Alpha 7 19445 | -3/Quarantine | Identified Sigix Broadsword 19478 | -3/Quarantine | Destroyed Alpha 7 19499 | -3/Quarantine | Found Alien Launcher 19595 | -3/Quarantine | Build established: Botlord-Mutant 19598 | -3/Quarantine | Found Alien Artifact 19639 | -3/Quarantine | X0-1V1 mutated your Propulsion slot to Utility slot 19691 | -3/Quarantine | Found Hpw. Transdimensional Reconstructor 19702 | -3/Quarantine | Found Dimensional Node Initializer 19708 | -3/Quarantine | Found Hpw. Transdimensional Reconstructor 19748 | -3/Quarantine | Found Phase Armor 19770 | -3/Quarantine | Discovered new exit (range 5) 19777 | -3/Quarantine | Identified exit to Garrison 19817 | -3/Quarantine | Entered Research 19817 | -2/Research | Evolved 2 slots: Power x1, Propulsion x1 19844 | -2/Research | Lost 6 allies 20034 | -2/Research | Identified exit to Garrison 20034 | -2/Research | Garrison activated, responded to threat 20049 | -2/Research | Entered Garrison 20049 | -2/Garrison | Accompanied by 3 allies 20073 | -2/Garrison | Triggered checkpoint 20103 | -2/Garrison | Garrison Relay disabled 20211 | -2/Garrison | Triggered checkpoint 20211 | -2/Garrison | Spotted B-90 Cyclops 20216 | -2/Garrison | Triggered checkpoint 20231 | -2/Garrison | P-80 Master assimilated allied Warden 9b 20232 | -2/Garrison | Destroyed B-90 Cyclops 20297 | -2/Garrison | Spotted B-90 Cyclops 20327 | -2/Garrison | X0-1V1 sent allied B-74 Champion (x2) 20330 | -2/Garrison | Destroyed B-90 Cyclops 20347 | -2/Garrison | Lost 3 parts (2p1u) 20354 | -2/Garrison | Found Relay Coupler [Proto] 20356 | -2/Garrison | Found Relay Coupler [Proto] 20359 | -2/Garrison | X0-1V1 rewrote Warden 9d IFF filter 20360 | -2/Garrison | Found Relay Coupler [Proto] 20367 | -2/Garrison | Found Relay Coupler [Proto] 20403 | -2/Garrison | Discovered new exit (range 8) 20431 | -2/Garrison | Triggered checkpoint 20450 | -2/Garrison | Expanded RIF knowledge: Signal Jamming 20463 | -2/Garrison | Garrison Relay disabled 20521 | -2/Garrison | Triggered checkpoint 20533 | -2/Garrison | Triggered checkpoint 20612 | -2/Garrison | Discovered new exit (range 13) 20614 | -2/Garrison | Spotted B-86 Titan 20618 | -2/Garrison | Rewired B-75 Beast 20625 | -2/Garrison | Allies destroyed B-86 Titan 20626 | -2/Garrison | Spotted B-75 Beast 20641 | -2/Garrison | Rewired B-90 Cyclops 20671 | -2/Garrison | Lost 3 allies 20722 | -2/Garrison | X0-1V1 vaporized surrounding terrain (radius 20) 20777 | -2/Garrison | Triggered checkpoint 20795 | -2/Garrison | Garrison Relay disabled 20815 | -2/Garrison | Triggered checkpoint 20871 | -2/Garrison | Triggered checkpoint 20874 | -2/Garrison | Garrison Relay disabled 20946 | -2/Garrison | Lost 5 allies 20995 | -2/Garrison | Found embedded Infiltrators 21018 | -2/Garrison | Garrison Relay disabled 21051 | -2/Garrison | Discovered new exit (range 10) 21059 | -2/Garrison | Triggered checkpoint 21069 | -2/Garrison | Triggered checkpoint 21072 | -2/Garrison | Garrison Relay disabled 21319 | -2/Garrison | X0-1V1 vaporized surrounding terrain (radius 18) 21389 | -2/Garrison | Entered Access 21389 | -1/Access | Accompanied by 23 allies 21389 | -1/Access | Evolved 2 slots: Utility x1, Weapon x1 21566 | -1/Access | Identified exit to Command 21569 | -1/Access | Lost 6 allies 21583 | -1/Access | Spotted B-99 Colossus 21597 | -1/Access | Destroyed B-99 Colossus 21652 | -1/Access | Energy Cycler disabled 21661 | -1/Access | System corruption reached 10% 21701 | -1/Access | Build established: Botlord-Tank 21812 | -1/Access | Crushed by falling debris 21861 | -1/Access | Discovered new exit (range 6) 21862 | -1/Access | Lost 11 allies 21867 | -1/Access | Identified Subatomic Replicator 21867 | -1/Access | Used Subatomic Replicator to create Alien Launcher 21873 | -1/Access | Identified Supercharged Sigix Terminator 21874 | -1/Access | Fired Supercharged Sigix Terminator 21874 | -1/Access | Spotted B-99 Colossus 21874 | -1/Access | Spotted B-99 Colossus 21874 | -1/Access | Destroyed B-99 Colossus 21875 | -1/Access | Core integrity fell below 50% 21876 | -1/Access | Core integrity fell below 20% 21876 | *** | Escaped! Last Messages --------------- 21874_ Adv. Remote Datajack destroyed. 21874_ Destroyed Adv. Remote Datajack. 21874_ R-10 Processor destroyed. 21874_ Destroyed Biometal Leg. 21874_ H-88 Terminator destroyed. 21874_ Destroyed Unknown Wheel. 21874_ K-01 Serf destroyed. 21874_ Sealed Heavy Doors breached. 21874_ B-99 Colossus destroyed. 21874_ Hyperwave Decoder disabled. 21874_ Destroyed Unknown Wheel. 21874_ T-07 Excavator destroyed. 21874_ Enforcer 10a destroyed. 21874_ Destroyed Lgt. Ion Engine. 21874_ K-01 Serf destroyed. 21874_ Destroyed Unknown Wheel. 21874_ U-05 Engineer destroyed. 21874_ X0-1V1 is mildly amused. 21875_ X0-1V1 roars with laughter! 21875_ Penetrated by Slug. Map ----- +----------------------------------------------------+ | ??????????# ??????????????????????????????????? | | ??????????? ??????????????????????????????????? | | ??????????? " ????????" ???????????????????????? | | ??????????? ????? " ;""????????????????????? | | ???????????# #?? ; ?????????????????? | | ???????????# # ; ???????????????? | | ???????????# " ;;;;;;;;;;;;""????????????? | | ??????????"" ; ; ??????????? | | ???????? ; ; ; "????????? | | ???????? ; ; ; ; ???????? | | #######"";;; [;;;;;; ; ;;;; ;;;;;;;;;; ; ???????? | | | ??????? | | % |! % ??????? | | ######";;;;; ;;;;; ; = ;;; ;?????? | | ;; ; =[ ; ?????? | | ;; ; ; ?????? | | ;; ; ; ; ????? | | ;; ; ; ; ????? | | ;; ; ; ; ???? | | ???? ;; ;; ;; ;;; ; ???? | | ???"";;;;;; ; ; ;; ; ???? | | ???" ; ;; ;;; ; ??? | | ???" ; ; ; ;;;;;;;;;;;;;;??? | | ??#" ;;;;; ; ; ; ; ??? | | ###; ;;;;;;;;;;;;; ; ; ; ?? | | ; ; ; ; @" ; ; ?? | | " # ; ; ; "" ; ; ?? | | " # ; ; ; ; ; ??? | | += ; ; ; ; ; ??? | | #! ; ; ; ; ;;;;;;;;;;;??? | | #% ; ; ; ; ; ???? | | ! #[=; ; ; ; ; ;;???? | | # [; ; ; ; ;; ;;???? | | #### =# ; ; ; ;;;;; ????? | | ???# # ; ; ; ; ????? | | ???# # ; ; BB ; ; ?????? | | ?### # ; ; BB ; ; ;;?????? | | ## # # ; ; ; ; ;;?????? | | " # ###;;;;;;;;;; ; ; ; ;??????? | | """" # ; ; ; ; ;??????? | | # + ; ; ; ; ???????? | | # !# ; ;;;; ;;;; ; ???????? | | "!!# ; ; ; ; ?????????? | | #] #? ## ; ; ;???????????? | | #!=#? #### ; ; ??????????????? | | # =#?? #??#### ; ; ????????????????? | | # #?? #?????### ; ???????????????????? | | # #??? #???????? ??????????????????????? | | # #???######?????????????????????????????????? | | # #??????????????????????????????????????????? | +----------------------------------------------------+ Best States ------------- Heat Dissipation 150 Coolant Potential 100 Energy Generation 67 Energy Capacity 1865 Matter Stores 1000 Matter Capacity 1000 Sight Range 29 Terrain Scan Density 10 Cloak Strength 2 Corruption Containment 8 Armor Coverage 675 Resistance: KI 30 Resistance: TH 47 Weapon Cycling 25 Melee Speed Boost 20 Phase Shifting 15 Evasion (%) 97 Targeting Accuracy 24 Melee Accuracy 6 Target Analysis 8 Recoil Reduction 3 Matter Filtering 50 Offensive Hacking 12 Relay Coupler Types 6 Relay Coupler Value 510 Authchip Count 1 Trap Extractor Capacity 6 Item Schematics ----------------- None Robot Schematics ------------------ None Fabricated ------------ Nothing Repaired ---------- Nothing Studied --------- Arm. Huge Wheel | -6/Factory | Hacked Alien Tech Used ----------------- Sigix Broadsword Subatomic Replicator Supercharged Sigix Terminator Achievements -------------- None Challenges ------------ None Game ------ Seed BlastLaserStripper Manual? 0 Play Time 02:40:00 Cumulative 979.8 hours Start 2026.07.08 @ 01:08:04 End 2026.07.08 @ 08:30:23 Sessions 11 Manual Loads 0 Difficulty Rogue Special Mode None Game No. 1117 Rogue 1117 Adventurer 0 Explorer 0 Win Type 0 Total 45 Types 22/1/9/3/2/1/3/2/1/1 Lore% 98 Gallery% 96 Achievement% 93 Wizard Run 0 Options --------- Layout 2 ASCII 0 Keyboard 0 Movement Mouse Keybinds 0 Fullscreen 2 Font 24/X11 Map View 50x44 Zoom Use 0% Tactical HUD 1 Map Filters NONE Filters NONE Steam 1 RUN: 2060e228-9407-40cc-83e5-2f44ed7a8789